[Event "Thursday 19 April Rapid Engine Tour 12+1 Rounds 9 Starts 1600ST"]
[Site "Infinity Chess"]
[Date "2018.4.19"]
[Round "1"]
[White "Thinker"]
[Black "HerzsjeMZ"]
[Result "1/2-1/2"]
[ECO "C55"]
[WhiteElo "2459"]
[BlackElo "2411"]
[WhiteEngine "BrainFish_180411_x64_modern_CTG"]
[BlackEngine "BrainFish_180418_x64_modern"]
[EventType "Swiss"]
[WhiteTeam ""]
[BlackTeam ""]
[PlyCount "133"]
[TimeControl "720+1"]

1. e4 e5 2. Nf3 Nc6 3. Bc4 Nf6 4. d3 Bc5 5. c3 d6 6. O-O O-O 7. h3 a5 
8. Nbd2 Be6 9. Bb5 h6 10. Re1 Qb8 11. Nf1 Qa7 12. Be3 Bxe3 13. Nxe3 Ne7 
14. a4 Ng6 15. Bc4 Nf4 16. Qc2 Bxc4 17. Nxc4 Qa6 18. b3 Rfe8 19. Kh2 Qc6 
20. Rad1 b6 21. d4 exd4 22. Nxd4 Qc5 23. g3 Ne6 24. e5 dxe5 25. Rxe5 Nxd4 
26. cxd4 Qc6 27. d5 Qc5 28. Rf5 Ne4 29. Rf4 Nd6 30. Kg2 Rad8 31. Qd3 Nxc4 
32. Rxc4 Qd6 33. Qf3 c5 34. Re4 g6 35. Rxe8+ Rxe8 36. Qc3 Re5 37. Qc4 Kg7 
38. Qf4 h5 39. h4 Kg8 40. f3 Re2+ 41. Kf1 Qxf4 42. gxf4 Re7 43. Re1 Kf8 
44. Re4 Rb7 45. Kf2 Rd7 46. Re5 Kg7 47. Ke3 f6 48. Re6 Rxd5 49. Rxb6 Rd4 
50. Rb5 Rb4 51. f5 g5 52. hxg5 fxg5 53. Rxa5 Rxb3+ 54. Ke4 Ra3 55. Ra7+ Kf6 
56. Ra6+ Kg7 57. Ra7+ Kf6 58. Ra8 c4 59. Ra6+ Kg7 60. Ra7+ Kf6 61. Ra6+ Kg7 
62. Ra5 c3 63. Ra7+ Kf6 64. Ra6+ Kg7 65. Ra7+ Kf6 66. Ra6+ Kg7 67. Ra7+ 1/2-1/2

[Event "Thursday 19 April Rapid Engine Tour 12+1 Rounds 9 Starts 1600ST"]
[Site "Infinity Chess"]
[Date "2018.4.19"]
[Round "1"]
[White "MiKachomiKa QueeN"]
[Black "Marsell"]
[Result "1/2-1/2"]
[ECO "C55"]
[WhiteElo "2425"]
[BlackElo "2467"]
[WhiteEngine "stockfish_18041819_x64_modern_CTG"]
[BlackEngine "BrainFish_180408_x64_bmi2"]
[EventType "Swiss"]
[WhiteTeam ""]
[BlackTeam ""]
[PlyCount "94"]
[TimeControl "720+1"]

1. e4 e5 2. Nf3 Nc6 3. Bc4 Nf6 4. d3 Bc5 5. O-O d6 6. c3 O-O 7. Nbd2 a6 
8. a4 Ne7 9. Re1 Ng6 10. Nf1 c6 11. Bb3 h6 12. h3 Bb6 13. d4 d5 14. Ng3 exd4 
15. e5 Ne4 16. Nxe4 dxe4 17. Nxd4 Qh4 18. Qc2 Bxd4 19. cxd4 Bf5 20. Ra3 Rad8 
21. Qc5 Nf4 22. Bxf4 Qxf4 23. Qc3 c5 24. Qxc5 Qd2 25. Raa1 Qxd4 26. Qxd4 Rxd4 
27. g4 Be6 28. Bc2 Rfd8 29. Bxe4 Rb4 30. Rac1 Rdd4 31. Bf5 Rxb2 32. Red1 Rxd1+ 
33. Rxd1 Kf8 34. Bxe6 fxe6 35. Rd8+ Ke7 36. Rg8 Kf7 37. Rc8 Rb4 38. Rc7+ Kf8 
39. Kg2 a5 40. Rc8+ Ke7 41. Rc7+ Kf8 42. f3 g5 43. h4 Rxa4 44. Rc8+ Ke7 
45. Rc7+ Kf8 46. Rc8+ Ke7 47. Rc7+ Kf8 1/2-1/2

[Event "Thursday 19 April Rapid Engine Tour 12+1 Rounds 9 Starts 1600ST"]
[Site "Infinity Chess"]
[Date "2018.4.19"]
[Round "1"]
[White "hafaba"]
[Black "MarioDeMonti"]
[Result "1/2-1/2"]
[ECO "C77"]
[WhiteElo "2481"]
[BlackElo "2434"]
[WhiteEngine "Eman 1.70-beta21 64-bit POPCNT_CTG"]
[BlackEngine "stockfish_x64_bmi2_2018_02_18_CTG"]
[EventType "Swiss"]
[WhiteTeam ""]
[BlackTeam ""]
[PlyCount "127"]
[TimeControl "720+1"]

1. e4 e5 2. Nf3 Nc6 3. Bb5 a6 4. Ba4 Nf6 5. O-O Be7 6. Re1 b5 7. Bb3 O-O 
8. h3 Bb7 9. d3 d5 10. exd5 Nxd5 11. Nxe5 Nd4 12. Nc3 Nxb3 13. axb3 Nb4 
14. d4 Re8 15. Be3 Qd6 16. Qh5 Qe6 17. Re2 f6 18. Ng4 Qf7 19. Qxf7+ Kxf7 
20. Bf4 Rad8 21. Bxc7 Rxd4 22. Bb6 Rd7 23. f3 Rb8 24. Be3 Rc8 25. Bb6 Rb8 
26. Rae1 a5 27. Bxa5 Bc5+ 28. Nf2 Nc6 29. b4 Nxb4 30. Bxb4 Bxb4 31. Nd3 Be7 
32. Ne4 Rc7 33. Ra1 b4 34. Ra7 f5 35. Nef2 g6 36. Ne5+ Kg7 37. Nfd3 Ra8 
38. Rxa8 Bxa8 39. Nf4 Rc8 40. Kf1 Bd6 41. b3 Bxe5 42. Rxe5 Rxc2 43. Rb5 g5 
44. Ne2 Kf6 45. Rxb4 Bd5 46. Rb5 Bf7 47. h4 gxh4 48. Nd4 Rb2 49. Rxf5+ Kg6 
50. Rb5 Rb1+ 51. Kf2 Rb2+ 52. Kg1 Rd2 53. Nc6 Be6 54. Ne5+ Kf6 55. Nc4 Re2 
56. Rh5 h3 57. g4 Rg2+ 58. Kf1 Ra2 59. Rxh3 Kg5 60. Ke1 Bxc4 61. bxc4 Kf4 
62. Kd1 Ke3 63. Rxh7 Kxf3 64. Rh3+ 1/2-1/2

[Event "Thursday 19 April Rapid Engine Tour 12+1 Rounds 9 Starts 1600ST"]
[Site "Infinity Chess"]
[Date "2018.4.19"]
[Round "1"]
[White "ocirema"]
[Black "SkyPilot"]
[Result "1/2-1/2"]
[ECO "D70"]
[WhiteElo "2439"]
[BlackElo "2483"]
[WhiteEngine "asmFishW_2018-04-15_popcnt_CTG"]
[BlackEngine "stockfish_x64_bmi2_2018_04_07_CTG"]
[EventType "Swiss"]
[WhiteTeam ""]
[BlackTeam ""]
[PlyCount "132"]
[TimeControl "720+1"]

1. d4 Nf6 2. c4 g6 3. f3 c5 4. d5 d6 5. e4 Bg7 6. Nc3 e6 7. Nge2 O-O 8. Ng3 exd5 
9. cxd5 Ne8 10. Be3 h5 11. Be2 h4 12. Nf1 Nc7 13. Qd2 b5 14. Bg5 Bf6 
15. Bxf6 Qxf6 16. Ne3 b4 17. Ncd1 Nd7 18. O-O Rb8 19. Rf2 Qf4 20. Nc4 Qxd2 
21. Nxd2 f5 22. Ne3 Kg7 23. Nec4 Nb5 24. Bd3 Nf6 25. Re1 Re8 26. Rff1 Bb7 
27. Nb3 Ba8 28. Nc1 Nd7 29. b3 Nf6 30. Ne2 fxe4 31. fxe4 Nxe4 32. Nf4 Nec3 
33. Re6 Rxe6 34. dxe6 Kf6 35. Bxg6 Be4 36. e7 Kxe7 37. Re1 d5 38. Nxd5+ Nxd5 
39. Bxe4 Ndc3 40. Bc6+ Kf6 41. Ne5 Rc8 42. Nd7+ Kf7 43. Bxb5 Nxb5 44. Re5 Nc3 
45. Nxc5 Nxa2 46. Kf2 Nc1 47. Kf3 a5 48. Kg4 Rg8+ 49. Rg5 Rxg5+ 50. Kxg5 Ke7 
51. Kxh4 Kd6 52. Nb7+ Kc6 53. Nxa5+ Kb5 54. Nc4 Nxb3 55. Nb2 Nc5 56. g4 b3 
57. g5 Ne6 58. Kh5 Kb4 59. h3 Kc3 60. Na4+ Kc4 61. h4 Ng7+ 62. Kg6 Kb4 
63. h5 Kxa4 64. Kxg7 b2 65. h6 b1=Q 66. h7 Qb7+ 1/2-1/2

[Event "Thursday 19 April Rapid Engine Tour 12+1 Rounds 9 Starts 1600ST"]
[Site "Infinity Chess"]
[Date "2018.4.19"]
[Round "1"]
[White "Seliga"]
[Black "star99"]
[Result "1/2-1/2 "]
[ECO "B23"]
[WhiteElo "2485"]
[BlackElo "2445"]
[WhiteEngine "AsmFish@A12_CTG"]
[BlackEngine "Cryptic Heroes 9.4B"]
[EventType "Swiss"]
[WhiteTeam ""]
[BlackTeam ""]
[PlyCount "38"]
[TimeControl "720+1"]

1. e4 c5 2. Nc3 d6 3. Nf3 Nf6 4. d4 cxd4 5. Nxd4 Nc6 6. Bg5 e6 7. Qd2 Be7 
8. O-O-O O-O 9. f4 Nxd4 10. Qxd4 h6 11. Bh4 Qa5 12. Bc4 e5 13. fxe5 dxe5 
14. Qd3 Bg4 15. Rdf1 Rac8 16. Bxf6 Bxf6 17. Kb1 Be7 18. Bb3 Qc5 19. a3 a6 
1/2-1/2

[Event "Thursday 26 April Rapid Engine Tour 12+1 Rounds 9 Starts 1600ST"]
[Site "Infinity Chess"]
[Date "2018.4.26"]
[Round "9"]
[White "MarioDeMonti"]
[Black "angriff"]
[Result "1/2-1/2"]
[ECO "C55"]
[WhiteElo "2405"]
[BlackElo "2408"]
[WhiteEngine "stockfish_x64_bmi2_2018_02_18_CTG"]
[BlackEngine "DracoREX 3.07 64BIT POPCNT_CTG"]
[EventType "Swiss"]
[WhiteTeam ""]
[BlackTeam ""]
[PlyCount "76"]
[TimeControl "720+1"]

1. e4 e5 2. Nf3 Nc6 3. Bc4 Nf6 4. d3 Bc5 5. c3 d6 6. O-O O-O 7. h3 a5 8. Nbd2 h6 
9. Re1 Be6 10. Bb5 Qb8 11. Nf1 Qa7 12. Ne3 a4 13. Re2 Qa5 14. Bxc6 bxc6 
15. Nh4 Kh7 16. Nef5 Bb6 17. Ng3 Ng8 18. d4 Qb5 19. Be3 Bc4 20. Rc2 Rfe8 
21. Nhf5 g6 22. Qg4 exd4 23. Nxd4 Qa6 24. Rd2 Qc8 25. Qf4 c5 26. Nf3 Qe6 
27. Qh4 Kg7 28. e5 d5 29. Rdd1 Rad8 30. Rdc1 Rc8 31. Re1 Rb8 32. Rec1 f6 
33. exf6+ Qxf6 34. Qg4 Qe6 35. Qh4 Qe7 36. Qg4 Qe6 37. Qh4 Qf6 38. Qg4 Qe6 
1/2-1/2

[Event "Thursday 26 April Rapid Engine Tour 12+1 Rounds 9 Starts 1600ST"]
[Site "Infinity Chess"]
[Date "2018.4.26"]
[Round "9"]
[White "SkyPilot"]
[Black "hafaba"]
[Result "1-0 "]
[ECO "E15"]
[WhiteElo "2424"]
[BlackElo "2416"]
[WhiteEngine "stockfish_x64_bmi2_2018_04_07_CTG"]
[BlackEngine "Eman 1.70-beta21 64-bit POPCNT_CTG"]
[EventType "Swiss"]
[WhiteTeam ""]
[BlackTeam ""]
[PlyCount "306"]
[TimeControl "720+1"]

1. d4 Nf6 2. c4 e6 3. Nf3 b6 4. g3 Ba6 5. b3 Bb4+ 6. Bd2 Be7 7. Bg2 c6 8. Bc3 d5 
9. Ne5 Nfd7 10. Nxd7 Nxd7 11. Nd2 O-O 12. O-O Rc8 13. Qc2 f5 14. a4 Nf6 
15. Rfd1 Qc7 16. e3 Ne4 17. Rdc1 Qb7 18. h4 Qb8 19. Bb2 Bd6 20. Qd3 c5 
21. Qe2 Bb7 22. a5 Rf7 23. Nxe4 fxe4 24. axb6 axb6 25. Qg4 Re8 26. Rc2 Bc8 
27. Qh5 Bb7 28. Rd1 Rf5 29. Qe2 Rf7 30. Qh5 Rf5 31. Qg4 Rf7 32. Rcd2 cxd4 
33. Bxd4 Be5 34. Ra2 Bxd4 35. Rxd4 Qe5 36. Bh3 Rf3 37. Qg5 Qb8 38. Qh5 h6 
39. Bg2 Rf7 40. Rdd2 Ref8 41. Bh3 Rf6 42. Qd1 Qd6 43. Qc1 Rc8 44. Qb2 Qc7 
45. Ra7 Rcf8 46. Rc2 Qb8 47. Ra2 Qd6 48. Qc3 R8f7 49. Rd2 Rf8 50. Rac2 Ra8 
51. cxd5 Bxd5 52. Qd4 Rd8 53. Bg2 Rff8 54. Qb2 Qe7 55. Rd4 g5 56. hxg5 hxg5 
57. Qb1 Qf6 58. Rb2 Kf7 59. Ra2 Qf5 60. Rb4 Rd7 61. Rxb6 Qg4 62. Rb4 Bb7 
63. Ra1 Rfd8 64. Qa2 Qh5 65. Re1 Rh8 66. Qa4 Qh2+ 67. Kf1 Re7 68. Rb6 Rf8 
69. Qb4 Bd5 70. Rd1 Ra7 71. Rb8 Qh8 72. Qxf8+ Qxf8 73. Rxf8+ Kxf8 74. Rb1 Ra2 
75. Bh3 Ke7 76. Bg4 Rd2 77. Kg2 Kf6 78. Kf1 Ke5 79. Bh5 Rc2 80. Be2 Rd2 
81. Bd1 Ra2 82. Bg4 Rd2 83. Bh5 Ra2 84. Bd1 Kd6 85. Bg4 Rc2 86. Kg2 Ke5 
87. Bh5 Kd6 88. Bd1 Rd2 89. b4 Ba2 90. Rc1 Bd5 91. Bh5 Rb2 92. Rc8 Rxb4 
93. Rg8 Rb1 94. Rxg5 Bc4 95. Rg4 Be2 96. Rh4 Bf1+ 97. Kh2 Ke5 98. Rf4 Rb7 
99. Bg4 Rh7+ 100. Kg1 Bd3 101. Kg2 Rg7 102. Bh3 Be2 103. g4 Kd5 104. Kg3 e5 
105. Rf5 Bb5 106. Kh4 Bd7 107. Rg5 Rf7 108. Kg3 Rf3+ 109. Kg2 Rf7 110. Rg8 Kd6 
111. Kg1 Be6 112. Rg5 Bc4 113. Rg6+ Ke7 114. Bf1 Bd3 115. Rb6 Rf8 116. Bh3 Rg8 
117. Kg2 Bc4 118. Rh6 Bf7 119. Kg3 Be6 120. Rh4 Kd6 121. Bf1 Rg7 122. Be2 Bd7 
123. Rh6+ Ke7 124. Rh8 Kf6 125. Kh4 Be6 126. Rh6+ Ke7 127. Bd1 Bd5 128. Rh5 Ke6 
129. g5 Rf7 130. Bg4+ Kd6 131. Kg3 Ba2 132. Rh6+ Kc5 133. Ra6 Bc4 134. g6 Rb7 
135. Rf6 Rb1 136. Be6 Rb6 137. Bxc4 Rxf6 138. Bf7 Kd6 139. g7 Rxf7 140. g8=Q Rc7 
141. Kg4 Rc1 142. Kf5 Kc7 143. Kxe5 Kb6 144. Kxe4 Kb7 145. f4 Rc7 146. f5 Re7+ 
147. Kf3 Rd7 148. f6 Kc7 149. f7 Rd1 150. f8=R Rf1+ 151. Ke4 Rxf8 152. Qxf8 Kc6 
153. Qd8 Kc5 1-0

[Event "Thursday 26 April Rapid Engine Tour 12+1 Rounds 9 Starts 1600ST"]
[Site "Infinity Chess"]
[Date "2018.4.26"]
[Round "9"]
[White "ocirema"]
[Black "ludimilojko"]
[Result "1-0"]
[ECO "E11"]
[WhiteElo "2441"]
[BlackElo "2292"]
[WhiteEngine "asmFishW_2018-04-24_popcnt"]
[BlackEngine "Raubfisch X38b_CTG"]
[EventType "Swiss"]
[WhiteTeam ""]
[BlackTeam ""]
[PlyCount "189"]
[TimeControl "720+1"]

1. d4 Nf6 2. c4 e6 3. Nf3 Bb4+ 4. Nbd2 d5 5. Qa4+ Nc6 6. a3 Bxd2+ 7. Bxd2 Ne4 
8. e3 O-O 9. Qc2 Nxd2 10. Qxd2 b6 11. cxd5 exd5 12. Bd3 Ne7 13. Qc2 g6 
14. O-O Qd6 15. Rfc1 c6 16. b4 a5 17. Rab1 axb4 18. axb4 Be6 19. Qb2 Rfc8 
20. h3 Ra4 21. b5 Qa3 22. Qd2 cxb5 23. Rxc8+ Bxc8 24. Bxb5 Bf5 25. Rb2 Ra8 
26. Bf1 Qd6 27. g4 Be6 28. Ne5 Kg7 29. Nd3 h5 30. gxh5 Bf5 31. Qd1 gxh5 
32. Nf4 h4 33. Bd3 Bxd3 34. Nxd3 Ng6 35. Qb1 Ra6 36. Ne1 Qe6 37. Kh2 Qf6 
38. Qd1 Qc6 39. Kg2 Ra3 40. Qb1 Qc3 41. Rc2 Nf4+ 42. Kh2 Ra1 43. Rxc3 Rxb1 
44. Nf3 Ne2 45. Rc2 Nc1 46. Ne5 Kf6 47. Kg2 b5 48. Rc6+ Ke7 49. Rb6 Ne2 
50. Rb7+ Ke6 51. Rxf7 b4 52. Rb7 b3 53. Kf3 Nc3 54. Kf4 Ne4 55. Rb6+ Ke7 
56. Nd3 Rf1 57. Rxb3 Nxf2 58. Nxf2 Rxf2+ 59. Ke5 Rf3 60. Kxd5 Kd7 61. Rb7+ Kc8 
62. Rh7 Rxe3 63. Rxh4 Kd7 64. Rh7+ Ke8 65. Kd6 Kf8 66. h4 Rb3 67. d5 Rb6+ 
68. Ke5 Rb2 69. d6 Ke8 70. d7+ Kd8 71. h5 Rb5+ 72. Kf6 Rb6+ 73. Kf7 Kxd7 
74. Rh8 Rb7 75. h6 Kc6+ 76. Kg6 Rb6 77. Rf8 Kd5+ 78. Kg7 Rb1 79. h7 Rh1 
80. h8=Q Rxh8 81. Rxh8 Ke5 82. Kg6 Ke4 83. Rd8 Ke5 84. Kg5 Ke4 85. Kf6 Kf4 
86. Re8 Kg4 87. Ke5 Kf3 88. Kf5 Kg3 89. Re3+ Kf2 90. Kf4 Kg2 91. Re2+ Kf1 
92. Kf3 Kg1 93. Re1+ Kh2 94. Rc1 Kh3 95. Rh1# 1-0

[Event "Thursday 26 April Rapid Engine Tour 12+1 Rounds 9 Starts 1600ST"]
[Site "Infinity Chess"]
[Date "2018.4.26"]
[Round "9"]
[White "IronMan"]
[Black "star99"]
[Result "1/2-1/2"]
[ECO "A46"]
[WhiteElo "2378"]
[BlackElo "2449"]
[WhiteEngine "Eman 170b23-EXP4"]
[BlackEngine "Cryptic Heroes 9.4B"]
[EventType "Swiss"]
[WhiteTeam ""]
[BlackTeam ""]
[PlyCount "100"]
[TimeControl "720+1"]

1. d4 Nf6 2. Nf3 d5 3. c4 e6 4. Nc3 Bb4 5. Bg5 h6 6. Bxf6 Qxf6 7. e3 c5 
8. Rc1 cxd4 9. Nxd4 Nc6 10. cxd5 exd5 11. a3 Bxc3+ 12. Rxc3 Nxd4 13. Qxd4 Qxd4 
14. exd4 Kd7 15. Rf3 Re8+ 16. Kd2 Re7 17. Rg3 g6 18. Bd3 Kd6 19. h4 h5 
20. Rf3 Rc7 21. Re3 Be6 22. Rhe1 Rg8 23. g3 a5 24. Bb5 Bf5 25. Rc3 Rxc3 
26. bxc3 Be4 27. Be2 Rh8 28. Ra1 f6 29. a4 Bf5 30. Rg1 g5 31. f4 g4 32. Bd3 Bxd3 
33. Kxd3 Re8 34. Rc1 b6 35. Rg1 Re7 36. Rb1 Kc6 37. f5 Re8 38. Kd2 Re7 
39. Rb3 Re4 40. Rb1 Kc7 41. Kd3 Re7 42. Kd2 Kc6 43. Rb5 Re4 44. Rb3 Kc7 
45. Rb1 Kc6 46. Rb5 Re7 47. Rb1 Kc7 48. Rb3 Re4 49. Rb5 Kc6 50. Rb1 Re7 1/2-1/2

[Event "Thursday 26 April Rapid Engine Tour 12+1 Rounds 9 Starts 1600ST"]
[Site "Infinity Chess"]
[Date "2018.4.26"]
[Round "9"]
[White "NINJA_JENGKA"]
[Black "Vimtiroba"]
[Result "1/2-1/2"]
[ECO "A06"]
[WhiteElo "2428"]
[BlackElo "2450"]
[WhiteEngine "Houdini 6"]
[BlackEngine "AsmFish A25_CTG"]
[EventType "Swiss"]
[WhiteTeam ""]
[BlackTeam ""]
[PlyCount "134"]
[TimeControl "720+1"]

1. Nf3 d5 2. d4 Nf6 3. c4 e6 4. e3 b6 5. b3 Bb7 6. Bb2 Nbd7 7. Bd3 dxc4 
8. bxc4 Bd6 9. O-O O-O 10. Nc3 Re8 11. e4 e5 12. d5 c6 13. Bc2 Nc5 14. Nd2 Rc8 
15. Qf3 Ba6 16. Rfd1 cxd5 17. cxd5 b5 18. a3 Na4 19. Bxa4 bxa4 20. Nxa4 Qa5 
21. Nc3 Rb8 22. Ra2 Rec8 23. Ba1 Nd7 24. h3 Nc5 25. Kh2 f6 26. a4 Bf8 
27. Qe3 Nd3 28. Ndb1 Bc4 29. Rc2 Nc5 30. Nd2 Ba6 31. Qg3 Rb7 32. Qg4 Rd8 
33. Ra2 Bd6 34. Qf3 Rb4 35. Rb2 Bd3 36. Rxb4 Qxb4 37. Re1 a5 38. Qe3 Rb8 
39. Nf1 Qb6 40. Qf3 Bf8 41. Ng3 Qd8 42. Rd1 Bc4 43. Nf5 Kh8 44. h4 Qd7 45. h5 h6 
46. Re1 Nd3 47. Re3 Nc5 48. Qd1 Rb7 49. Nh4 Kh7 50. Qf3 Nb3 51. Re1 Nd4 
52. Qg3 Kg8 53. Ng6 Bc5 54. Nb5 Nxb5 55. axb5 Bxb5 56. Bb2 Qd6 57. Rc1 Be8 
58. Ba3 Bxa3 59. Rc8 Re7 60. Ra8 Bb4 61. Qh3 Qc7 62. d6 Bxd6 63. Qb3+ Kh7 
64. Nf8+ Kh8 65. Ng6+ Kh7 66. Nf8+ Kh8 67. Ng6+ Kh7 1/2-1/2

[Event "Thursday 26 April Rapid Engine Tour 12+1 Rounds 9 Starts 1600ST"]
[Site "Infinity Chess"]
[Date "2018.4.26"]
[Round "9"]
[White "Harry_Potter"]
[Black "MedusaV2"]
[Result "1/2-1/2 "]
[ECO "B90"]
[WhiteElo "2498"]
[BlackElo "2407"]
[WhiteEngine "Stockfish_x64_bmi2_CTG"]
[BlackEngine "Eman 1.70-beta23 64-bit POPCNT"]
[EventType "Swiss"]
[WhiteTeam ""]
[BlackTeam ""]
[PlyCount "190"]
[TimeControl "720+1"]

1. e4 c5 2. Nf3 d6 3. d4 cxd4 4. Nxd4 Nf6 5. Nc3 a6 6. Be3 e5 7. Nb3 Be6 
8. f3 Nbd7 9. Qd2 Be7 10. g4 O-O 11. O-O-O b5 12. g5 Nh5 13. Kb1 Nb6 14. Na5 Rc8 
15. a3 g6 16. Rg1 Qc7 17. Nd5 Nxd5 18. exd5 Bxd5 19. Qxd5 Qxa5 20. Bd3 Rb8 
21. Be4 Qc7 22. Qd3 Kg7 23. Bd5 f5 24. gxf6+ Nxf6 25. Qd2 Kh8 26. Bb3 a5 
27. Bh6 Rfd8 28. f4 Bf8 29. Bg5 Bg7 30. Rge1 e4 31. Qd4 Qe7 32. Bxf6 Bxf6 
33. Rxe4 Bxd4 34. Rxe7 Bc5 35. c3 Re8 36. Rde1 Rxe7 37. Rxe7 Rf8 38. Re4 Bg1 
39. h3 Bh2 40. Bd5 Rf5 41. Be6 Rc5 42. Bd7 Kg7 43. Rd4 Kf7 44. Rxd6 Ke7 
45. Rd4 h5 46. a4 bxa4 47. Bxa4 Rf5 48. Bc2 Rxf4 49. Rxf4 Bxf4 50. Bxg6 h4 
51. Bd3 Kd6 52. Bg6 Be5 53. Bf7 Kc5 54. Bh5 Kb6 55. Be8 Kc5 56. Ba4 Bg7 
57. Kc2 Be5 58. Kb3 Bd6 59. Kc2 Bg3 60. Kb1 Bf4 61. Be8 Bd6 62. Bh5 Bf4 
63. Kc2 Kb6 64. Be8 Bd6 65. Kd1 Kc7 66. Ke2 Kb6 67. Kd3 Kc5 68. Bd7 Bg3 
69. Ke4 Bb8 70. Be8 Bg3 71. Bh5 a4 72. Be8 a3 73. bxa3 Kc4 74. a4 Bc7 
75. Kf3 Kxc3 76. Kg4 Kb4 77. Bb5 Kc3 78. Kg5 Kb3 79. Kg4 Bb6 80. Bc6 Kc4 
81. Kf4 Kb3 82. Kf5 Kb4 83. Kg5 Bd4 84. Kf4 Bb6 85. Bd7 Bc5 86. Kg5 Bg1 
87. Kg4 Bd4 88. Kf3 Bc3 89. Kg4 Kb3 90. Bc6 Ba5 91. Kf3 Bb6 92. Ke4 Bc7 
93. Kd5 Kb4 94. Bd7 Bb8 95. Bb5 Bh2 1/2-1/2

[Event "Thursday 26 April Rapid Engine Tour 12+1 Rounds 9 Starts 1600ST"]
[Site "Infinity Chess"]
[Date "2018.4.26"]
[Round "9"]
[White "HerzsjeMZ"]
[Black "coreoptimist"]
[Result "1/2-1/2"]
[ECO "C50"]
[WhiteElo "2452"]
[BlackElo "2347"]
[WhiteEngine "BrainFish_180423_x64_modern"]
[BlackEngine "asmFishW_2018-04-11_bmi2_CTG"]
[EventType "Swiss"]
[WhiteTeam ""]
[BlackTeam ""]
[PlyCount "133"]
[TimeControl "720+1"]

1. e4 e5 2. Nf3 Nc6 3. Bc4 Bc5 4. O-O Nf6 5. d3 d6 6. c3 a5 7. h3 O-O 8. Re1 h6 
9. Bb3 Ba7 10. Nbd2 b5 11. a4 b4 12. Bc4 Be6 13. Bb5 Ne7 14. d4 c6 15. Bf1 Ng6 
16. cxb4 axb4 17. dxe5 Nxe5 18. Nxe5 dxe5 19. Qc2 Bd4 20. Nf3 c5 21. Nxd4 cxd4 
22. Bd2 Qb8 23. Bb5 Rc8 24. Qd3 Bd7 25. Bxb4 Bxb5 26. axb5 Ne8 27. Rxa8 Qxa8 
28. Kh2 Qa4 29. Ba3 Qa5 30. Rd1 Qc7 31. Bb4 Rb8 32. Ra1 Qd7 33. Ra5 Nc7 
34. Bd2 Qe8 35. f4 Ne6 36. f5 Nc5 37. Qc2 Rxb5 38. b4 Rxa5 39. bxa5 Qb5 
40. f6 h5 41. Qc1 Kh7 42. a6 Nxa6 43. fxg7 Nc5 44. Qd1 Kxg7 45. Qxh5 Ne6 
46. Qh6+ Kg8 47. Qh4 Qe2 48. Bg5 Nxg5 49. Qxg5+ Kh7 50. Qxe5 d3 51. Qf6 d2 
52. Qxf7+ Kh8 53. Qf6+ Kh7 54. Qd8 d1=Q 55. Qe7+ Kg6 56. Qe6+ Kh7 57. Qf7+ Kh8 
58. Qe8+ Kg7 59. Qe7+ Kh8 60. Qf8+ Kh7 61. Qf7+ Kh8 62. Qe8+ Kg7 63. Qe7+ Kh8 
64. Qe5+ Kh7 65. Qe7+ Kg6 66. Qe6+ Kh7 67. Qe7+ 1/2-1/2

[Event "Thursday 26 April Rapid Engine Tour 12+1 Rounds 9 Starts 1600ST"]
[Site "Infinity Chess"]
[Date "2018.4.26"]
[Round "8"]
[White "hafaba"]
[Black "IronMan"]
[Result "1/2-1/2"]
[ECO "C65"]
[WhiteElo "2418"]
[BlackElo "2376"]
[WhiteEngine "Eman 1.70-beta21 64-bit POPCNT_CTG"]
[BlackEngine "Eman 170b23-EXP4"]
[EventType "Swiss"]
[WhiteTeam ""]
[BlackTeam ""]
[PlyCount "99"]
[TimeControl "720+1"]

1. e4 e5 2. Nf3 Nc6 3. Bb5 Nf6 4. Nc3 Bb4 5. O-O O-O 6. d3 d6 7. Bg5 Bxc3 
8. bxc3 h6 9. Bh4 Bd7 10. Rb1 a6 11. Ba4 b5 12. Bb3 Re8 13. h3 Na5 14. Re1 Nxb3 
15. cxb3 c5 16. d4 Bc6 17. d5 Bd7 18. Nd2 g5 19. Bg3 Kg7 20. c4 Qa5 21. Rb2 Rab8 
22. Qe2 Rec8 23. Rc2 Ng8 24. Nf3 f6 25. Nd2 Ne7 26. Ra1 Qc7 27. f3 Ng6 
28. Bf2 Nf4 29. Qd1 h5 30. Be3 h4 31. Kh2 Qd8 32. a3 Rb7 33. b4 cxb4 
34. axb4 bxc4 35. Nxc4 Rbc7 36. Rac1 Ba4 37. Bb6 Rxc4 38. Rxc4 Qxb6 
39. Qxa4 Rxc4 40. Rxc4 Qf2 41. Rc2 Qg3+ 42. Kg1 Qe1+ 43. Kh2 Nh5 44. Qxa6 Ng3 
45. Qa7+ Kg6 46. Qg1 Nf1+ 47. Kh1 Ng3+ 48. Kh2 Nf1+ 49. Kh1 Ng3+ 50. Kh2 1/2-1/2

[Event "Thursday 26 April Rapid Engine Tour 12+1 Rounds 9 Starts 1600ST"]
[Site "Infinity Chess"]
[Date "2018.4.26"]
[Round "8"]
[White "Vimtiroba"]
[Black "MarioDeMonti"]
[Result "1-0 "]
[ECO "A20"]
[WhiteElo "2435"]
[BlackElo "2420"]
[WhiteEngine "AsmFish A25_CTG"]
[BlackEngine "stockfish_x64_bmi2_2018_02_18_CTG"]
[EventType "Swiss"]
[WhiteTeam ""]
[BlackTeam ""]
[PlyCount "205"]
[TimeControl "720+1"]

1. c4 e5 2. Nf3 d6 3. e3 c5 4. Nc3 f5 5. h4 Be7 6. d4 e4 7. Ng5 Nf6 8. dxc5 dxc5 
9. Qxd8+ Bxd8 10. b3 Ng4 11. Nd5 Ba5+ 12. Bd2 Bxd2+ 13. Kxd2 Nxf2 14. Rg1 Na6 
15. Be2 Nd3 16. Bxd3 exd3 17. Raf1 b6 18. Rf2 h6 19. Nh3 Kd8 20. Nhf4 Nc7 
21. Nc3 Bd7 22. Nxd3 Re8 23. Rgf1 Re7 24. Nf4 Rb8 25. e4 b5 26. Ng6 Re8 
27. exf5 bxc4 28. bxc4 h5 29. Kc2 Na8 30. Nf4 Bxf5+ 31. Kc1 g6 32. Rd1+ Kc8 
33. Nb5 Rd8 34. Nd6+ Rxd6 35. Rxd6 Rb1+ 36. Kd2 Nb6 37. Rf6 Nxc4+ 38. Kc3 Rc1+ 
39. Kb3 a5 40. a4 Ne5 41. Re2 Nd3 42. Rf8+ Kc7 43. Rf7+ Kd6 44. Rf6+ Kd7 
45. Nxd3 Bxd3 46. Rd2 Ke7 47. Rc6 Bf5 48. Re2+ Kf7 49. Ra6 Rb1+ 50. Kc3 Rc1+ 
51. Kb2 Rc4 52. Rxa5 Rxh4 53. Kb3 Rb4+ 54. Ka3 Rc4 55. Ra7+ Kf6 56. Rc7 h4 
57. a5 Bc2 58. a6 Ra4+ 59. Kb2 Bd3 60. Rf2+ Kg5 61. a7 Be4 62. Rxc5+ Kg4 
63. Rc7 Ba8 64. Kb3 Ra1 65. Rfc2 Kf5 66. Kb4 g5 67. Kb5 g4 68. R2c5+ Kf6 
69. R7c6+ Kf7 70. Rf5+ Ke7 71. Rh6 Rb1+ 72. Kc5 Ra1 73. Rf4 h3 74. gxh3 g3 
75. Rg4 g2 76. Rg7+ Kf8 77. Rhg6 Rc1+ 78. Kb4 Rb1+ 79. Kc3 Ra1 80. Rg8+ Kf7 
81. h4 Be4 82. R8g7+ Ke8 83. Rg3 Bd5 84. h5 Bf7 85. h6 g1=Q 86. Rxg1 Rxa7 
87. h7 Ra3+ 88. Kb2 Ra2+ 89. Kb1 Rh2 90. Re1+ Kf8 91. Rg8+ Bxg8 92. Re8+ Kxe8 
93. hxg8=Q+ Ke7 94. Qg5+ Ke6 95. Qg4+ Kd5 96. Qf5+ Kc6 97. Qe6+ Kb7 98. Qd7+ Ka8 
99. Qc8+ Ka7 100. Qc7+ Ka6 101. Qxh2 Kb6 102. Qd6+ Ka7 103. Kc2 1-0

[Event "Thursday 26 April Rapid Engine Tour 12+1 Rounds 9 Starts 1600ST"]
[Site "Infinity Chess"]
[Date "2018.4.26"]
[Round "8"]
[White "coreoptimist"]
[Black "ocirema"]
[Result "1/2-1/2"]
[ECO "C77"]
[WhiteElo "2343"]
[BlackElo "2445"]
[WhiteEngine "asmFishW_2018-04-11_bmi2_CTG"]
[BlackEngine "asmFishW_2018-04-24_popcnt"]
[EventType "Swiss"]
[WhiteTeam ""]
[BlackTeam ""]
[PlyCount "127"]
[TimeControl "720+1"]

1. e4 e5 2. Nf3 Nc6 3. Bb5 a6 4. Ba4 Nf6 5. O-O Be7 6. Re1 b5 7. Bb3 O-O 
8. c3 d5 9. exd5 Nxd5 10. Nxe5 Nxe5 11. Rxe5 c6 12. d4 Bd6 13. Re1 Qh4 
14. g3 Qh3 15. Re4 g5 16. Qf1 Qxf1+ 17. Kxf1 Bf5 18. Nd2 a5 19. a4 b4 
20. cxb4 Nxb4 21. Re3 c5 22. d5 Rfd8 23. Nc4 Nxd5 24. Re1 Be7 25. Bd2 Bf6 
26. Ne5 Be6 27. Kg1 Kg7 28. Bxd5 Rxd5 29. Bc3 Ra6 30. Rad1 Rdd6 31. Rxd6 Rxd6 
32. Rc1 Bb3 33. Nc4 Bxc4 34. Bxf6+ Kxf6 35. Rxc4 Rd5 36. Kg2 Ke5 37. h4 h6 
38. Rc3 g4 39. Rc4 h5 40. b3 f6 41. Kf1 Kd6 42. Rf4 Ke6 43. Re4+ Re5 44. Rf4 Kf7 
45. f3 Re3 46. fxg4 hxg4 47. Rxg4 Rxb3 48. Kg2 Rb7 49. Rc4 Rb2+ 50. Kf1 Rb1+ 
51. Ke2 Rb2+ 52. Kd1 Rb4 53. Rxc5 Rxa4 54. h5 Kg7 55. Ke2 Ra1 56. g4 a4 
57. Rc7+ Kh6 58. Ra7 a3 59. Kf3 a2 60. Kg2 Kg5 61. Ra5+ Kxg4 62. h6 Re1 
63. Rxa2 Re7 64. h7 1/2-1/2